Map: Rainfall LE

Players

math - Winner!

  • Race: Zerg Zerg
  • League: Diamond

A.I. 1 (Very Easy)

  • Race: Zerg Zerg

VOD

Have the link to the VOD?

Description

13/12 - Rainfall

Time

  • Played on: Oct. 17, 2026, 12:34 p.m.
  • Length: 3:04
Show
View Real Time Build Order
Export as new Build Order

math Zerg - Winner!

Build Orders: 1 Base Baneling Bust, Pool Only 

Get SALT Encoding   

  12  0:00  Drone  
  13  0:14  Extractor  
  12  0:24  Spawning Pool  
  12  0:28  Drone  
  12  0:33  Drone  
  13  0:37  Drone  
  14  0:48  Overlord  
  14  1:11  Zergling x4  
  16  1:12  Zergling x2  
  16  1:16  Metabolic Boost  
  17  1:22  Zergling x2  
  18  1:33  Zergling x2  
  18  1:37  Baneling Nest  
  18  1:43  Zergling x2  
  19  1:51  Queen  
  21  1:57  Zergling x2  
  22  2:07  Overlord  
  22  2:24  Baneling  
  22  2:25  Baneling  
  22  2:26  Baneling  
  22  2:29  Zergling x4  
  24  2:39  Zergling x2  
Show
View Real Time Build Order
Export as new Build Order

A.I. 1 (Very Easy) Zerg 

Build Orders: Pool Only 

Get SALT Encoding   

  12  0:01  Drone  
  13  0:12  Overlord  
  13  0:16  Drone  
  14  0:34  Spawning Pool  
  13  0:37  Drone  
  13  0:41  Extractor  
  13  0:44  Drone  
  14  0:51  Overlord  
  14  1:21  Zergling x2  
  14  1:23  Queen  
  17  1:32  Roach Warren  
  16  1:35  Drone  
  16  1:39  Extractor  
  17  1:40  Zergling x2  
  17  1:43  Drone  
  18  1:57  Drone, Zergling x2  
  20  2:08  Drone  
  21  2:18  Zergling x2  
  21  2:30  Drone  
  22  2:37  Drone  
  22  2:38  Overlord  
  22  2:43  Zergling x2  
  19  2:51  Drone  
Tags
 
Add a new tag
Caveats
  • Supply blocks, unpowered buildings, or Contaminate may cause inaccurate times.
  • Supply counts are checked every 10 seconds.